 Dungeon Crawl Stone Soup version 0.29-a0-994-gc5c9f59d18 (webtiles) character file.

Game seed: 9644005836417366590

8589 Asher535 the Fighter (level 11, -3/107 HPs)
             Began as a Minotaur Fighter on Aug 3, 2022.
             Was a Priest of Elyvilon.
             Slain by a death yak (6 damage)
             ... on level 8 of the Dungeon.
             The game lasted 00:36:23 (13428 turns).

Asher535 the Fighter (Minotaur Fighter)            Turns: 13428, Time: 00:36:24

Health: -3/107     AC: 19    Str: 26    XL:     11   Next: 11%
Magic:  5/10       EV:  8    Int:  5    God:    Elyvilon [***...]
Gold:   270        SH:  0    Dex:  9    Spells: 10/10 levels left

rFire   . . .      SeeInvis .   K - +5 battleaxe
rCold   . . .      Faith    .   (shield currently unavailable)
rNeg    . . .      Spirit   .   g - +0 chain mail
rPois   .          Reflect  .   (helmet restricted)
rElec   .          Harm     .   l - +2 cloak
rCorr   .          Rampage  .   j - +0 pair of gloves
Will    .....                   I - +1 pair of boots
Stlth   ..........              (no amulet)
HPRegen 0.27/turn               (no ring)
MPRegen 0.12/turn               (no ring)

@: no status effects
A: horns 2, retaliatory headbutt
a: Renounce Religion, Purification, Heal Other, Heal Self


You were on level 8 of the Dungeon.
You worshipped Elyvilon.
Elyvilon was most pleased with you.
You visited 2 branches of the dungeon, and saw 10 of its levels.

You collected 495 gold pieces.
You spent 225 gold pieces at shops.

Inventory:

Hand Weapons
 a - a +0 war axe
 p - a +1 antimagic demon blade
 u - a +2 vampiric spear
 F - a +4 glaive of venom
 J - a +3 flail
 K - a +5 battleaxe (weapon)
 R - a +4 battleaxe of freezing
Missiles
 v - 4 atropa-tipped darts (quivered)
 C - 3 throwing nets
 M - 2 curare-tipped darts
Armour
 b - a +0 scale mail
 c - a +0 buckler
 g - a +0 chain mail (worn)
 j - a +0 pair of gloves (worn)
 l - a +2 cloak (worn)
 o - a +0 pair of boots
 q - a +0 pair of gloves
 B - a +0 chain mail
 H - an orb of energy
 I - a +1 pair of boots (worn)
 O - the +3 ring mail of the Abyss {rElec rC+ Str-4}
   (You found it on level 9 of the Dungeon)

   Str:       It affects your strength (-4).
   rC:        It protects you from cold.
   rElec:     It insulates you from electricity.
Jewellery
 e - a ring of resist corrosion
Wands
 y - a wand of flame (26)
 N - a wand of paralysis (4)
Scrolls
 d - 4 scrolls of poison
 h - 2 scrolls of torment {unknown}
 m - 3 scrolls of fear
 n - a scroll of summoning
 r - a scroll of fog
 s - a scroll of blinking {unknown}
 t - 2 scrolls of amnesia
 w - a scroll of enchant weapon {unknown}
 z - 3 scrolls of teleportation
 E - a scroll of acquirement {unknown}
 L - 2 scrolls of noise
Potions
 i - 2 potions of ambrosia
 k - 5 potions of flight
 x - 2 potions of curing
 A - a potion of degeneration
 D - 2 potions of mutation
 G - 2 potions of might
 P - 3 potions of berserk rage {unknown}
 Q - a potion of cancellation {unknown}
 S - a potion of lignification {unknown}


   Skills:
 * Level 13.4 Fighting
 + Level 9.7 Axes
 + Level 10.1 Armour
 + Level 10.0 Shields


You had 10 spell levels left.
You didn't know any spells.
Your spell library contained the following spells:

 Spells                   Type           Power      Damage    Failure   Level
 Freeze                   Ice            0%         1d3       94%         1
 Shock                    Conj/Air       0%         1d3       94%         1
 Slow                     Hex            0%         N/A       94%         1
 Ensorcelled Hibernation  Hex/Ice        0%         N/A       98%         2
 Static Discharge         Conj/Air       0%         3-3/arc   98%         2
 Dazzling Flash           Conj/Hex       0%         N/A       100%        3
 Portal Projectile        Hex/Tloc       0%         N/A       100%        3
 Spider Form              Tmut/Pois      0%         N/A       100%        3
 Swiftness                Air            0%         N/A       100%        3
 Tukima's Dance           Hex            0%         N/A       100%        3
 Airstrike                Air            0%         2d(0-16)  100%        4
 Anguish                  Hex/Necr       0%         N/A       100%        4
 Animate Armour           Summ/Erth      0%         N/A       100%        4
 Iskenderun's Mystic Bla  Conj/Tloc      0%         2d3       100%        4
 Blade Hands              Tmut           0%         N/A       100%        5
 Lightning Bolt           Conj/Air       0%         1d11      100%        5
 Iron Shot                Conj/Erth      0%         9d1       100%        6
 Starburst                Conj/Fire      0%         6d3       100%        6
 Maxwell's Capacitive Co  Air            0%         ∞         100%        8


Dungeon Overview and Level Annotations

Branches:
Dungeon (9/15)             Temple (1/1) D:4            Lair (0/5) D:9
    Orc (0/2) D:9

Altars:
Ashenzari
Cheibriados
Dithmenos
Elyvilon
Fedhas
Gozag
Hepliaklqana
Kikubaaqudgha
Nemelex Xobeh
Okawaru
Qazlal
Ru
Sif Muna
Uskayaw
Vehumet
Xom
Yredelemnul
Zin
The Shining One

Shops:
D:5 =   D:6 !:**[

Annotations:
D:8 3 runed translucent doors, TheBestFelid's ghost, novice FeAE


Innate Abilities, Weirdness & Mutations

You have a pair of horns on your head.
You reflexively headbutt those who attack you in melee.


Message History

You barely miss the death yak.
You headbutt the death yak, but do no damage.
The death yak is heavily wounded.
You slash the death yak! The death yak gores you!
* * * LOW HITPOINT WARNING * * *
The death yak gores you but does no damage. x3
You are healed.
The death yak gores you!
* * * LOW HITPOINT WARNING * * *
The death yak gores you but does no damage.
You barely miss the death yak.
The death yak is heavily wounded.
You hit the death yak but do no damage. The death yak gores you!!
* * * LOW HITPOINT WARNING * * *
The death yak gores you.
* * * LOW HITPOINT WARNING * * *
You are healed.
The death yak gores you but does no damage.
The death yak gores you!
* * * LOW HITPOINT WARNING * * *
The death yak barely misses you.
Things that are here:
a +0 chain mail; 2 boomerangs; a +0 mace You are healed.
The death yak barely misses you. The death yak gores you!
* * * LOW HITPOINT WARNING * * *
As you read the scroll of fear, it crumbles to dust.
You assume a fearsome visage.
The death yak looks frightened!
The death yak easily resists.
The death yak gores you but does no damage.
You hit the death yak but do no damage. You headbutt the death yak.
The death yak is moderately wounded.
The death yak gores you!
* * * LOW HITPOINT WARNING * * *
You slice the death yak!!
The death yak is severely wounded.
The death yak closely misses you. You furiously retaliate!
You headbutt the death yak!
Okay, then.
Okay, then.
The death yak attacks as you move away! The death yak gores you.
You die...

#................#....#.......#
#................##+###.......#
..####'######'###......########
..#.............#......#
..#.............+......#
..'.............#......#
..######..###...#......#
.......#..###...########
....^...........@...#
................Y[.Y#
.....###+++###....>.#
.....#......Z#.....[#
.....##....Z##......#
.....#.......#.....##
.....##.!)(.##.....#
#+#..#..#.#..#######
..#..#########


You could see 2 death yaks.

Vanquished Creatures
  4 death yaks (D:8)
  Maurice (D:9)
  A troll (D:9)
  A vampire (D:8)
  Sigmund (D:3)
  2 wyverns
  A warg (D:9)
  2 water moccasins
  A black bear (D:7)
  A sky beast (D:7)
  3 ogres
  3 orc warriors
  2 centaurs (D:7)
  4 kobold brigands
  Blork the orc (D:5)
  6 bullfrogs
  A gnoll sergeant (D:5)
  A scorpion (D:6)
  4 necrophages
  A water moccasin zombie (D:5)
  14 wights
  19 killer bees
  A howler monkey (D:9)
  A bullfrog zombie (D:5)
  3 jellies
  5 hounds
  8 orc priests
  A human zombie (D:5)
  2 gnoll boudas
  2 iguanas
  A scorpion zombie (D:5)
  6 orc wizards
  4 mummies (D:5)
  Robin (D:3)
  12 gnolls
  5 adders
  A white imp (D:6)
  An ufetubus (D:6)
  4 worms
  3 dart slugs
  45 orcs
  4 ball pythons
  3 bats (D:1)
  5 endoplasms
  3 giant cockroaches
  12 hobgoblins
  2 jackals (D:4)
  4 quokkas
  3 frilled lizards (D:2)
  14 goblins
  24 kobolds
  9 rats
263 creatures vanquished.

Notes
Turn   | Place    | Note
-------+----------+-------------------------------------------
     0 | D:1      | Asher535 the Minotaur Fighter began the quest for the Orb.
     0 | D:1      | Reached XP level 1. HP: 19/19 MP: 0/0
   235 | D:1      | Reached XP level 2. HP: 27/27 MP: 1/1
   252 | D:1      | Found a faded altar of an unknown god.
  1043 | D:2      | Reached skill level 4 in Fighting
  1053 | D:2      | Reached XP level 3. HP: 33/33 MP: 2/2
  1283 | D:2      | Reached XP level 4. HP: 34/41 MP: 3/3
  1631 | D:2      | You fall into a shaft and drop 2 floors!
  1635 | D:4      | Noticed a water moccasin
  1649 | D:4      | Killed a water moccasin
  1650 | D:4      | Reached skill level 5 in Fighting
  1650 | D:4      | Reached XP level 5. HP: 27/48 MP: 4/4
  1852 | D:4      | Noticed an ogre
  1949 | D:3      | Noticed Sigmund
  1966 | D:3      | Killed Sigmund
  1967 | D:3      | Reached skill level 5 in Armour
  1967 | D:3      | Reached skill level 5 in Shields
  1967 | D:3      | Reached XP level 6. HP: 57/57 MP: 5/5
  1985 | D:3      | Reached skill level 6 in Fighting
  2112 | D:3      | Noticed Robin
  2130 | D:3      | Killed Robin
  2613 | D:3      | Reached XP level 7. HP: 31/64 MP: 6/6
  3165 | D:3      | Got Rites and Rhymes for Initiates
  3478 | D:4      | Found an iron altar of Okawaru.
  3505 | D:3      | Reached skill level 5 in Axes
  3651 | D:4      | Found a shimmering altar of Xom.
  3651 | D:4      | Found a snail-covered altar of Cheibriados.
  3786 | D:4      | Reached skill level 7 in Fighting
  4095 | D:4      | Found a staircase to the Ecumenical Temple.
  4707 | Temple   | Entered the Ecumenical Temple
  5188 | Temple   | Became a worshipper of Elyvilon the Healer
  5226 | D:5      | Entered Level 5 of the Dungeon
  5226 | D:5      | Found Geseb's Jewellery Shoppe.
  5841 | D:5      | Reached XP level 8. HP: 68/70 MP: 7/7
  5979 | D:5      | Reached skill level 8 in Fighting
  6089 | D:5      | Found a basalt altar of Yredelemnul.
  6586 | D:5      | Reached * piety under Elyvilon
  6669 | D:5      | Reached skill level 9 in Fighting
  6680 | D:5      | Found a shadowy altar of Dithmenos.
  7240 | D:6      | Noticed Blork the orc
  7256 | D:5      | Killed Blork the orc
  7339 | D:6      | Reached XP level 9. HP: 80/84 MP: 8/8
  7382 | D:6      | Found Suistran's Distillery.
  7574 | D:6      | Found Beger's Assorted Antiques.
  7607 | D:6      | Found Erchagybe's Assorted Antiques.
  7784 | D:6      | Bought a pair of runed boots for 225 gold pieces
  7904 | D:6      | Found Gaofrid's Antique Armour Shop.
  7976 | D:6      | Found Wiuzov's Book Boutique.
  8049 | D:6      | Found a sacrificial altar of Ru.
  8192 | D:7      | Reached ** piety under Elyvilon
  8256 | D:7      | Reached skill level 10 in Fighting
  9450 | D:8      | Reached skill level 11 in Fighting
  9873 | D:8      | Reached XP level 10. HP: 40/96 MP: 9/9
 10154 | D:8      | Reached *** piety under Elyvilon
 10196 | D:8      | Found a runed translucent gate.
 10383 | D:8      | Found a runed translucent gate.
 10384 | D:8      | Found a runed translucent gate.
 10387 | D:8      | Noticed TheBestFelid's ghost (novice FeAE)
 10719 | D:9      | Noticed a death yak
 10719 | D:9      | Noticed a death yak
 10823 | D:9      | Noticed a death yak
 10823 | D:9      | Noticed a death yak
 10824 | D:9      | Noticed a death yak
 10824 | D:9      | Noticed a death yak
 10835 | D:8      | Killed a death yak
 10843 | D:8      | Killed a death yak
 10844 | D:8      | Reached skill level 12 in Fighting
 11097 | D:9      | Noticed a death yak
 11097 | D:9      | Noticed a death yak
 11103 | D:8      | HP: 3/97 [death yak (11)]
 11106 | D:8      | Killed a death yak
 11109 | D:8      | Killed a death yak
 11810 | D:9      | Identified the +3 ring mail of the Abyss {rElec rC+ Str-4}
 11822 | D:9      | Reached skill level 13 in Fighting
 12268 | D:9      | Reached XP level 11. HP: 73/107 MP: 10/10
 12676 | D:9      | Reached skill level 10 in Armour
 12740 | D:9      | Noticed Maurice
 12756 | D:9      | Killed Maurice
 13132 | D:9      | Reached skill level 10 in Shields
 13261 | D:9      | Found a staircase to the Orcish Mines.
 13282 | D:9      | Found a staircase to the Lair.
 13409 | D:9      | Noticed a two-headed ogre
 13420 | D:8      | HP: 2/107 [death yak (20)]
 13425 | D:8      | HP: 2/107 [death yak (16)]
 13428 | D:8      | Slain by a death yak

Illustrated notes

Levels and vault maps discovered:
D:1:      minmay_arrival_stair_chambers, layout_loops_corners,
          hellmonk_ecumenical_altar_lost_god, minmay_misc_feat_alley,
          hangedman_feature_mirror, serial_bayou_pond_e
D:2:      layout_basic
D:3:      cheibrodos_thug_alley, layout_basic, uniq_robin, uniq_sigmund
D:4:      layout_cave_pools, grunt_temple_overflow_open,
          minmay_temple_entry_butterflies, lightli_ossuary_entry_decrepit_ruins,
          kennysheep_path_1
D:5:      layout_gridville, marbit_many_paths,
          lemuel_mausoleum_altar_yredelemnul, serial_shops, shop, minivault_11
D:6:      layout_cave_pools, nicolae_ru_path_of_blood, serial_shops,
          kennysheep_mini, shop, kennysheep_little_box, shop,
          nicolae_shop_temple_entry_statues_fountains, grunt_decor_fettered,
          uniq_blork_the_orc
D:7:      layout_loops_ring
D:8:      layout_gridville, gammafunk_ghost_necromancy, nzn_life_drinkers
D:9:      layout_gridville, dpeg_lair_monsters, david_orc_3, serial_shops,
          kennysheep_mini_moat, abandoned_shop, uniq_maurice
Temple:   nicolae_temple_figure_eight

Skill      XL: |  1  2  3  4  5  6  7  8  9 10 11 |
---------------+----------------------------------+-----
Armour         | 4 5 6 7 8 9 10 | 10.1
Shields        | 4 5 6 7 8 9 10 | 10.0
Fighting       | 4 5 6 7 9 11 13 | 13.4
Axes           | 3 4 5 6 8 9 |  9.7

Action                   |  1- 3 |  4- 6 |  7- 9 | 10-12 || total
-------------------------+-------+-------+-------+-------++-------
Melee: War axe           |    71 |    87 |   283 |       ||   441
       Headbutt          |     9 |    13 |    58 |    16 ||    96
       Battleaxe         |       |       |    81 |   128 ||   209
Throw: Dart              |       |       |     2 |       ||     2
Invok: Heal Self         |       |       |       |     6 ||     6
  Use: Potion            |       |       |     4 |     6 ||    10
       Scroll            |       |       |     9 |     5 ||    14
 Stab: Invisible         |       |       |       |     3 ||     3
Armor: Scale mail        |    14 |       |       |       ||    14
       Chain mail        |    35 |    82 |   281 |   158 ||   556
Dodge: Dodged            |    37 |    30 |   163 |    97 ||   327
Block: Buckler           |    20 |    20 |    72 |       ||   112

Table legend: (Time is in decaauts)
 A = Elapsed time spent in this place.
 B = Non-inter-level travel time spent in this place.
 C = Inter-level travel time spent in this place.
 D = Time resting spent in this place.
 E = Time spent auto-exploring this place.
 F = Levels seen in this place.
 G = Mean time per level.
                   A        B        C        D        E       F      G
               +--------+--------+--------+--------+--------+-----+--------+
         Total |  13633 |  13237 |    396 |   4294 |   6037 |  10 | 1363.3 |
       Dungeon |  13131 |  12960 |    171 |   4294 |   5835 |   9 | 1459.0 |
        Temple |    501 |    276 |    225 |      0 |    202 |   1 |  501.0 |
               +--------+--------+--------+--------+--------+-----+--------+

Top non-repeatable levels by time:
     D:8: 3068 daAuts
     D:4: 1733 daAuts
     D:5: 1672 daAuts
     D:3: 1629 daAuts
     D:9: 1405 daAuts
     D:1: 1055 daAuts
     D:6: 960 daAuts
     D:7: 825 daAuts
     D:2: 781 daAuts
  Temple: 501 daAuts
